 Dungeon Crawl Stone Soup version 0.32-a0-135-g14f8b2e1af (webtiles) character file.

Game seed: 13741872969688891717

558764 Kenran the Intangible (level 24, 0/139 HPs)
             Began as a Spriggan Hunter on Feb 10, 2024.
             Was the Champion of Dithmenos.
             Killed from afar by Udghuss the pandemonium lord (58 damage)
             ... with a crystal spear
             ... on level 4 of the Depths.
             The game lasted 02:53:54 (59982 turns).

Kenran the Intangible (Spriggan Hunter)            Turns: 59982, Time: 02:53:55

Health: 0/139      AC:  8    Str: 13    XL:     24   Next: 98%
Magic:  37/37      EV: 49    Int: 15    God:    Dithmenos [******]
Gold:   8861       SH:  0    Dex: 25    Spells: 30/35 levels left

rFire   + + .        a - +9 arbalest (freeze)
rCold   + + .        (shield currently unavailable)
rNeg    . . .        V - +2 robe {rC+ rF+}
rPois   .            (helmet restricted)
rElec   +            Q - +2 cloak {rC+}
rCorr   .            (gloves unavailable)
SInv    +            (boots unavailable)
Will    +++++        f - amulet of regeneration
Stlth   +++++++      G - ring of protection from fire
HPRegen 1.23/turn    P - ring of Buygeule {rElec Will+ Str+6 Int+4 SInv}
MPRegen 0.25/turn

%: no passive effects
@: hasted, wreathed by umbra, studying Ice Magic, very quick
A: very small, no large weapons, unfitting armour, see invisible, speed 3, horns
1, clumsy 1, deterioration 1, dopey 1, shaggy fur 1, inability to drink after
injury 1, noise suppression
0: Orb of Zot
}: 3/15 runes: decaying, abyssal, gossamer
a: Renounce Religion, Shadow Step, Shadow Form


You were on level 4 of the Depths.
You worshipped Dithmenos.
Dithmenos was exalted by your worship.
You visited 10 branches of the dungeon, and saw 47 of its levels.
You visited the Abyss 3 times.
You also visited: Bailey and Ice Cave.

You collected 9243 gold pieces.
You spent 382 gold pieces at shops.

Inventory:

Hand Weapons
 a - a +9 arbalest of freezing (weapon)
 b - a +6 arbalest of draining
Missiles
 J - 2 throwing nets
Armour
 n - a scarf of repulsion
 Q - a +2 cloak of cold resistance (worn)
 V - a +2 robe of resistance (worn)
Jewellery
 f - an amulet of regeneration (around neck)
 m - a +4 ring of protection
 s - the ring of Ru's Esteem {Will+ Slay+3}
   (You found it on level 2 of the Spider Nest)

   [ring of willpower]

   Slay+3:    It affects your accuracy & damage with ranged weapons and melee
   (+3).
   Will+:     It increases your willpower.
 v - a ring of flight
 G - a ring of protection from fire (left hand)
 L - a ring of poison resistance
 P - the ring of Buygeule (right hand) {rElec Will+ Str+6 Int+4 SInv}
   (You found it in an ice cave)

   [ring of strength]

   Str+6:     It affects your strength (+6).
   Int+4:     It affects your intelligence (+4).
   rElec:     It insulates you from electricity.
   Will+:     It increases your willpower.
   SInv:      It lets you see invisible.
 S - the ring of Daothutt {rN+ Dex+3 SInv}
   (You took it off an ironbound preserver on level 2 of the Vaults)

   [ring of positive energy]

   Dex+3:     It affects your dexterity (+3).
   rN+:       It protects you from negative energy.
   SInv:      It lets you see invisible.
 W - the ring "Dosus" {rC+ MP+9 Str+3}
   (You found it on level 3 of the Spider Nest)

   [ring of magical power]

   Str+3:     It affects your strength (+3).
   rC+:       It protects you from cold.
   MP+9:      It affects your magic capacity (+9).
Talismans
 e - a beast talisman
Wands
 u - a wand of quicksilver (8)
 w - a wand of mindburst (60)
 y - a wand of charming (58)
 B - a wand of roots (17)
 C - a wand of flame (42)
 E - a wand of polymorph (13)
 R - a wand of digging (20)
Scrolls
 c - a scroll of fear
 h - 4 scrolls of fog
 t - 2 scrolls of enchant armour
 x - 7 scrolls of poison {!r}
 I - 7 scrolls of teleportation
 O - 2 scrolls of blinking
 U - a scroll of butterflies
 X - 2 scrolls of silence
Potions
 d - 3 potions of lignification {!q}
 i - 3 potions of berserk rage {!q}
 j - 9 potions of brilliance
 k - 3 potions of invisibility
 l - 9 potions of mutation {!q}
 o - 12 potions of enlightenment
 p - 2 potions of heal wounds {@q2}
 q - 7 potions of might
 r - 7 potions of magic
 z - 4 potions of cancellation
 A - a potion of haste
 D - 6 potions of curing {@q1}
 H - 13 potions of attraction {!q}
 N - 5 potions of ambrosia
Miscellaneous
 F - a box of beasts (inert)
 Y - a phantom mirror (inert)


   Skills:
 - Level 18.5 Fighting
 - Level 18.0 Ranged Weapons
 O Level 27 Dodging
 O Level 27 Stealth
 - Level 6.0 Spellcasting
 - Level 7.0 Hexes
 - Level 10.0 Translocations
 + Level 18.2 Invocations
 - Level 20.4 Evocations


You had 30 spell levels left.
You knew the following spells:

 Your Spells              Type           Power      Damage    Failure   Level
a - Apportation           Tloc           68%        N/A       1%          1
b - Dimensional Bullseye  Hex/Tloc       15%        N/A       4%          4

Your spell library contained the following spells:

 Spells                   Type           Power      Damage    Failure   Level
 Blink                    Tloc           68%        N/A       1%          2
 Jinxbite                 Hex            50%        N/A       1%          2
 Lesser Beckoning         Tloc           68%        N/A       1%          2
 Momentum Strike          Conj/Tloc      38%        3d9       2%          2
 Tukima's Dance           Hex            25%        N/A       2%          3
 Ensorcelled Hibernation  Hex/Ice        30%        N/A       5%          2
 Inner Flame              Hex/Fire       15%        N/A       11%         3
 Freeze                   Ice            16%        1d4       14%         1
 Magic Dart               Conj           16%        1d3       14%         1
 Necrotise                Necr           16%        1d4       14%         1
 Sandblast                Erth           8%         2d5       14%         1
 Sting                    Conj/Alch      16%        1d4       14%         1
 Summon Small Mammal      Summ           16%        N/A       14%         1
 Iskenderun's Mystic Bla  Conj/Tloc      19%        2d6       19%         4
 Cigotuvi's Dreadful Rot  Necr/Alch/Air  8%         N/A       22%         2
 Mercury Vapours          Alch/Air       8%         N/A       22%         2
 Scorch                   Fire           8%         2d5       22%         2
 Searing Ray              Conj           8%         2d4       22%         2
 Anguish                  Hex/Necr       7%         N/A       34%         4
 Frozen Ramparts          Ice            8%         1d2       41%         3
 Fugue of the Fallen      Necr           4%         N/A       41%         3
 Hailstorm                Conj/Ice       4%         3d5       41%         3
 Passwall                 Erth           4%         N/A       41%         3
 Stone Arrow              Conj/Erth      8%         3d7       41%         3
 Summon Ice Beast         Ice/Summ       4%         N/A       41%         3
 Vampiric Draining        Necr           4%         2d6       41%         3
 Summon Forest            Summ/Tloc      9%         N/A       45%         5
 Summon Mana Viper        Hex/Summ       15%        N/A       67%         5
 Yara's Violent Unravell  Hex/Alch       7%         3d5       67%         5
 Animate Armour           Summ/Erth      8%         N/A       82%         4
 Animate Dead             Necr           4%         N/A       82%         4
 Brom's Barrelling Bould  Conj/Erth      4%         2d3       82%         4
 Dispel Undead            Necr           4%         3d7       82%         4
 Fulminant Prism          Conj/Alch      2%         3d5       82%         4
 Ignite Poison            Fire/Alch      4%         N/A       82%         4
 Martyr's Knell           Necr/Summ      4%         N/A       82%         4
 Sticky Flame             Fire/Alch      4%         2d4       82%         4
 Summon Blazeheart Golem  Fire/Summ      4%         N/A       82%         4
 Curse of Agony           Necr           4%         N/A       99%         5
 Irradiate                Conj/Alch      2%         3d12      99%         5
 Death Channel            Necr           2%         N/A       100%        6
 Plasma Beam              Fire/Air       2%         2x1d12    100%        6
 Summon Cactus Giant      Summ           2%         N/A       100%        6
 Enfeeble                 Hex            12%        N/A       100%        7
 Haunt                    Necr/Summ      2%         N/A       100%        7
 Monstrous Menagerie      Summ           2%         N/A       100%        7
 Orb of Destruction       Conj           2%         9d5       100%        7
 Spellforged Servitor     Conj/Summ      2%         N/A       100%        7
 Ignition                 Fire           2%         3d3       100%        8
 Infestation              Necr           2%         N/A       100%        8
 Lehudib's Crystal Spear  Conj/Erth      2%         10d2      100%        8
 Chain Lightning          Conj/Air       2%         3d2       100%        9
 Fire Storm               Conj/Fire      2%         8d1       100%        9


Dungeon Overview and Level Annotations

Branches:
Dungeon (15/15)            Temple (0/1) D:6            Lair (5/5) D:8
  Swamp (4/4) Lair:2       Spider (4/4) Lair:2        Slime (0/5) Lair:4
    Orc (2/2) D:12            Elf (3/3) Orc:2        Vaults (4/5) D:14
  Crypt (1/3) Vaults:2     Depths (4/4) D:15            Zot (5/5) Depths:4
 Bailey (visited)           IceCv (visited)

Altars:
Cheibriados
Dithmenos
Fedhas
Gozag
Kikubaaqudgha
Makhleb
Nemelex Xobeh
Okawaru
Qazlal
Ru
Trog
Vehumet
Wu Jian
Xom
Zin
The Shining One
Jiyva

Shops:
D:6 (   Orc:2 !:*[*(:   Vaults:1 *   Vaults:2 [(   Depths:2 :

Portals:
Hell: Lair:5 Depths:1 Depths:2 Depths:3 Depths:4
Abyss: Depths:3
Pandemonium: Depths:2 Depths:3
Ziggurat: Depths:1

Annotations:
D:5 exclusion: downstairs
D:8 1 exclusion
D:11 3 runed translucent doors, Drangen's ghost, journeyman GrEE
Swamp:1 1 runed translucent door
Vaults:1 2 transporters, exclusion: downstairs, DeathSun's ghost, adept MiFi
Vaults:2 exclusion: 2 downstairs
Vaults:3 Sojobo
Crypt:1 Mennas
Depths:1 1 runed translucent door, exclusion: downstairs, Xieb Yco's ghost, veteran DjFE
Depths:3 1 transporter
Zot:2 exclusion: 2 upstairs
Zot:5 3 runed translucent doors, Adaxemni's ghost, legendary GrFi


Innate Abilities, Weirdness & Mutations

You are very small and have problems with some larger weapons.
You are too small for most types of armour.
You have supernaturally acute eyesight. (SInv)
You cover ground extremely quickly. (Speed+++)
You have a pair of small horns on your head.
You are clumsy. (Dex -2)
Your body sometimes deteriorates upon taking damage.
You are dopey. (Int -2)
You are covered in fur. (AC +1)
You occasionally lose the ability to drink potions when taking damage.
You passively dampen the noise of your surroundings.


Message History

A storm dragon comes into view.
The storm dragon moves out of view.
There is a stone staircase leading up, spattered with blood here.
You climb upwards.
There is a stone staircase leading down, spattered with blood here.
There is a stone staircase leading up, spattered with blood here.
You climb upwards.
Level annotation: exclusion: 2 upstairs
There is a stone staircase leading down, spattered with blood here.
Things that are here:
23 gold pieces; a +0 cloak
There is an open door here.
A green death comes into view.
You see here a +0 glaive.
There is a stone staircase leading up, spattered with blood here.
You climb upwards.
There is a stone staircase leading down here.
There is a gate leading back out of this place here.
You see here 10 scrolls of vulnerability {!r}.
Press: ? - help, v - describe, . - travel, g - get item Item here: 10 scrolls of vulnerability {!r}.
A gate leading back out of this place.
This square is wreathed by an umbra and is covered in magical glow.
You go up through the gate.
Welcome back to the Depths!
There is a gate to the Realm of Zot here.
There is an open door here.
Udghuss comes into view. It is armed with an electric touch.
Udghuss growls, "Give in, thou feckless rude-growing quarter-pint!"
Okay, then.
As you read the scroll of fog, it dissolves into smoke.
You feel yourself speed up. Udghuss hits you!!
You emit a cloud of dark smoke.
Udghuss gestures at you. The crystal spear hits you!!!
You emit a cloud of dark smoke.
A hellwing comes into view.
The hellwing gives a chilling moan.
Things that are here:
a +0 cloak; a +0 long sword; a yellow draconian skeleton Udghuss gestures at you.
The crystal spear hits you!!!
You die... *,* ** *,* ,**** ≣≣≣≣≣≣≣≣≣ ,,,,*≣≣.......≣≣ ****≣≣.........≣≣ ≣≣≣≣≣≣≣≣≣≣≣≣

* ≣...≣≣≣≣≣4..≣≣≣.≣≣.≣≣.≣≣.≣≣≣≣ *
≣..≣≣...≣≣..≣....[.......)..≣ *
≣..≣.....≣..≣≣..≣≣.≈~.≣≣.~)). *
≣..'..∩..≣§§@'..≣≣.~~.≣≣.≈~..
****≣..≣.....≣§§≣≣..≣≣.~~.≣≣.~~..
,,,,≣..≣≣...≣≣&§≣.....)..)......≣
**,*≣...≣≣≣≣≣§§§≣≣≣.≣≣.≣≣.≣≣.≣≣≣≣
*,*≣≣.....§§§§≣≣


≣≣≣≣≣≣≣≣≣≣≣≣ **'**≣≣....§§§≣≣***********,***** ,,,,**≣≣≣≣≣≣≣≣≣**,,,,,),,,,,,,,,,
****,*,*,* *,,***********,***** ≈≈**,',*,* *,,,* **,* You could see Udghuss and
a hellwing.

Vanquished Creatures
  A dread lich (Abyss:3)
  3 orbs of fire
  3 ancient liches
  Mara (Vaults:2)
  A juggernaut (Depths:4)
  8 Killer Klowns (Zot:5)
  3 curse toes (Zot:5)
  Nikola (Spider:3)
  7 golden dragons
  A profane servitor (Abyss:2)
  Norris (Depths:2)
  2 bone dragons
  3 electric golems
  A Brimstone Fiend (Zot:5)
  Jorgrun (D:13)
  4 liches
  11 tentacled monstrosities
  24 Orb Guardians
  3 deep elf blademasters (Elf:3)
  2 deep elf master archers (Elf:3)
  A titan (Vaults:4)
  2 sphinxes
  An Executioner (Abyss:3)
  2 death cobs
  9 tentacled starspawn
  2 thorn hunters
  Kirke (Spider:1)
  5 tengu reavers
  3 shadow dragons
  8 storm dragons
  Aizul (Vaults:1)
  3 draconian monks
  5 draconian knights
  7 fire giants
  15 vault wardens
  2 iron dragons (Depths:2)
  2 draconian shifters (Zot:2)
  8 frost giants
  2 protean progenitors (Depths:4)
  7 emperor scorpions
  2 draconian scorchers (Zot:5)
  9 ghost moths
  6 deep elf sorcerers (Elf:3)
  Louise (Elf:1)
  3 deep elf elementalists
  A balrug (Depths:1)
  A draconian annihilator (Depths:4)
  A cacodemon (Depths:1)
  2 ghouls (Swamp:1)
  A draconian stormcaller (Depths:4)
  2 orc warlords
  2 formless jellyfish
  14 very ugly things
  19 ironbound preservers
  A broodmother (Spider:2)
  A spriggan defender (Depths:3)
  5 green draconians
  3 vampire knights
  A black draconian (Depths:4)
  14 ironbound thunderhulks
  10 stone giants
  5 yellow draconians
  5 eleionomae
  12 dire elephants
  2 war gargoyles
  4 bunyips
  Nessos (Lair:5)
  7 deep elf death magi
  6 deep elf demonologists (Elf:3)
  4 purple draconians
  5 white draconians
  Azrael (D:12)
  3 red draconians (Zot:2)
  9 deep elf annihilators
  A green death (Abyss:2)
  5 spark wasps
  2 crystal guardians
  2 blizzard demons
  2 jiangshi (Crypt:1)
  3 ettins
  6 fire dragons
  Fannar (Orc:1)
  2 shambling mangroves
  2 merfolk javelineers (Abyss:3)
  8 yaktaur captains
  3 deep elf high priests
  The ghost of Luihuable the Mimic, a journeyman TrSh of Okawaru (Orc:2)
  Josephine (Orc:2)
  5 great orbs of eyes
  9 ice dragons
  11 entropy weavers
  Harold (D:8)
  11 vault guards
  19 hydras
  14 alligators
  2 radroaches
  6 boulder beetles
  3 jorogumos
  6 rakshasas
  A ghost crab (Swamp:4)
  8 spriggan air magi
  4 centaur warriors
  4 peacekeepers
  4 satyrs
  A death knight (D:13)
  5 ironbound frosthearts
  12 dancing weapons
  3 catoblepae
  2 anacondas (Depths:4)
  4 two-headed ogres
  4 vampire magi
  8 death scarabs (Spider:4)
  3 deep troll earth magi
  3 tengu warriors
  18 death yaks
  4 deep troll shamans
  A naga warrior (Abyss:3)
  A spriggan berserker (Depths:4)
  5 demonic crawlers
  3 occultists
  Urug (Lair:1)
  6 hell hogs (Abyss:3)
  6 orc high priests
  11 thrashing horrors
  7 wretched stars
  A soul eater (Depths:1)
  11 deep elf knights
  5 hell knights
  A sixfirhy (Depths:3)
  7 skysharks
  3 sun demons
  5 pharaoh ants
  8 skeletal warriors
  10 goliath frogs
  A spatial maelstrom (Abyss:3)
  4 orb spiders
  6 bog bodies
  53 deep trolls
  5 spriggan druids
  A sun moth (Spider:4)
  4 phantasmal warriors
  2 obsidian statues
  12 glowing orange brains
  2 spectral wolf spiders (Spider:4)
  10 swamp dragons
  6 lindwurms
  5 arcanists
  4 lightning spires (Swamp:2)
  13 deep elf archers
  15 ironbound convokers
  15 steelbarb worms
  19 starcursed masses
  5 orc knights
  18 deep elf zephyrmancers
  A golden dragon skeleton (Depths:1)
  An iron dragon zombie (Depths:1)
  6 necromancers
  A broodmother zombie (Spider:4)
  Maurice (D:8)
  16 deep elf pyromancers
  10 wolf spiders
  7 will-o-the-wisps
  4 cyclopes
  4 manticores
  22 ugly things
  A faun (shapeshifter) (Vaults:1)
  8 orc sorcerers
  A salamander (Depths:4)
  A fire giant zombie (Depths:1)
  16 large abominations (Abyss:3)
  3 meliai (Spider:4)
  A manticore (shapeshifter) (Vaults:1)
  A shadow dragon skeleton (Depths:1)
  A centaur zombie (Abyss:1)
  2 worldbinders (Abyss:3)
  26 moths of wrath
  A stone giant skeleton (Abyss:3)
  3 kobold blastminers (Orc:2)
  33 elephants
  3 apocalypse crabs (Abyss:3)
  A guardian serpent (Abyss:3)
  7 black mambas
  8 torpor snails
  7 orange demons
  7 smoke demons
  19 vault sentinels
  An ice statue (IceCv)
  A rust devil (Depths:1)
  12 cane toads
  2 gargoyles
  3 kobold demonologists (D:14)
  A spriggan zombie (Depths:1)
  2 naga skeletons
  4 freezing wraiths
  44 yaktaurs
  A hellion (Abyss:1)
  12 komodo dragons
  An alligator snapping turtle skeleton (Abyss:3)
  2 ice devils (Lair:5)
  Maggie (Lair:1)
  2 tormentors
  7 rime drakes
  3 efreet
  A black draconian zombie (Crypt:1)
  2 spectral redbacks (Spider:4)
  A tengu conjurer (D:15)
  A hydra zombie (Abyss:3)
  7 ancient zymes
  A red devil (Depths:1)
  9 tyrant leeches
  9 bloated husks
  9 polar bears
  A queen bee (Lair:3)
  6 trolls
  A shadow dragon simulacrum (Depths:1)
  A wolf spider simulacrum (D:15)
  A tengu simulacrum (Depths:1)
  A spectral jumping spider (Spider:4)
  A harpy skeleton (Abyss:3)
  A hellwing (Abyss:3)
  A tarantella (shapeshifter) (D:14)
  6 dream sheep (Lair:4)
  2 glass eyes
  3 tarantella zombies (Spider:4)
  2 spectral culicivoras (Spider:4)
  30 tarantellas
  9 hornets
  2 spectral tarantellas (Spider:4)
  17 raiju
  34 jumping spiders
  2 air elementals
  A jumping spider (shapeshifter) (D:14)
  20 culicivoras
  A spriggan skeleton (Depths:1)
  37 slime creatures
  8 ynoxinuls
  A centaur simulacrum (D:15)
  3 shadows
  6 spriggans
  2 vampires
  2 fire bats (Abyss:2)
  3 water elementals
  8 wraiths
  9 wyverns
  9 fire elementals
  A human (D:14)
  3 hogs (Spider:1)
  5 basilisks
  3 wargs (Orc:1)
  10 vampire mosquitoes
  64 yaks
  3 steam dragons
  2 chaos spawn
  2 spatial vortices (Abyss:3)
  8 neqoxecs
  57 redbacks
  14 swamp worms
  A naga (D:13)
  An acid dragon (D:11)
  Duvessa (D:7)
  5 hell hounds
  4 ice beasts
  16 water moccasins
  11 swamp drakes
  2 sky beasts
  A swamp worm (shapeshifter) (Vaults:2)
  32 orc warriors
  A sky beast (shapeshifter) (D:15)
  A black bear (D:8)
  11 small abominations
  15 laughing skulls
  An ettin simulacrum (Depths:1)
  24 wolves
  8 boggarts
  3 ogres
  15 centaurs
  6 kobold brigands
  2 weeping skulls
  A brain worm (Abyss:3)
  A necrophage (Swamp:1)
  5 scorpions
  15 bullfrogs
  3 gnoll sergeants
  A wight (D:9)
  Dowan (D:7)
  26 killer bees
  7 vampire bats (Bailey)
  6 wolf zombies (Bailey)
  3 bombardier beetles
  2 electric eels (D:6)
  9 howler monkeys
  A jelly (D:5)
  A quasit (Abyss:1)
  11 hounds
  18 orc priests
  An iron imp (Abyss:1)
  An iguana (D:5)
  20 orc wizards
  3 sleepcaps
  8 adders
  18 gnolls
  5 shadow imps
  17 white imps
  5 ufetubi
  A dart slug (D:4)
  5 ribbon worms
  60 orcs
  6 ball pythons
  3 bats
  9 endoplasms
  5 giant cockroaches
  7 hobgoblins
  3 jackals (D:1)
  21 kobolds
  2 quokkas (D:3)
  2 frilled lizards (D:3)
  4 goblins
  20 orc zombies (Bailey)
  18 rats
  A lurking horror (Abyss:3)
  6 starspawn tentacles
2124 creatures vanquished.

Vanquished Creatures (collateral kills)
  An Orb Guardian (Zot:5)
  An ice dragon (Depths:3)
  A spriggan air mage (Depths:3)
3 creatures vanquished.

Vanquished Creatures (others)
  An ice dragon (Depths:4)
  2 orc knights
  A bloated husk (Swamp:2)
  2 raiju (Abyss:3)
  A golden eye (Abyss:3)
  A hound (D:6)
  18 foxfires (Swamp:2)
  13 starspawn tentacles
39 creatures vanquished.

Grand Total: 2166 creatures vanquished

Notes
Turn   | Place    | Note
-------+----------+-------------------------------------------
     0 | D:1      | Kenran the Spriggan Hunter began the quest for the Orb.
     0 | D:1      | Reached XP level 1. HP: 10/10 MP: 2/2
   147 | D:1      | Reached XP level 2. HP: 14/14 MP: 3/3
  1055 | D:2      | Reached skill level 5 in Ranged Weapons
  1055 | D:2      | Reached XP level 3. HP: 14/18 MP: 4/4
  1390 | D:2      | Reached XP level 4. HP: 22/22 MP: 5/5
  1589 | D:3      | Found a glowing golden altar of the Shining One.
  1856 | D:3      | Found a faded altar of an unknown god.
  1860 | D:3      | Found a stormy altar of Qazlal.
  1978 | D:3      | Found a sacrificial altar of Ru.
  2516 | D:4      | Reached XP level 5. HP: 25/25 MP: 6/6
  2571 | D:4      | Found a snail-covered altar of Cheibriados.
  2605 | D:4      | Found a shimmering altar of Xom.
  2716 | D:5      | Entered Level 5 of the Dungeon
  2752 | D:5      | Reached XP level 6. HP: 28/30 MP: 7/7
  2912 | D:5      | Noticed an ice beast
  2991 | D:5      | Killed an ice beast
  3004 | D:5      | Noticed an ice beast
  3164 | D:5      | Killed an ice beast
  3165 | D:5      | Reached XP level 7. HP: 33/33 MP: 8/8
  3946 | D:6      | Found a shadowy altar of Dithmenos.
  3957 | D:6      | Became a worshipper of Dithmenos the Shadowed
  4022 | D:6      | Reached skill level 10 in Ranged Weapons
  4046 | D:6      | Reached XP level 8. HP: 37/37 MP: 9/9
  4063 | D:6      | Found a staircase to the Ecumenical Temple.
  4461 | D:6      | Found Fuigru's Antique Weapon Emporium.
  4517 | D:6      | Reached skill level 5 in Dodging
  4517 | D:6      | Reached skill level 5 in Stealth
  4814 | D:6      | Reached * piety under Dithmenos
  4874 | D:6      | Reached XP level 9. HP: 41/41 MP: 10/10
  5751 | D:7      | Noticed a two-headed ogre
  5761 | D:7      | Killed a two-headed ogre
  5821 | D:7      | Noticed Dowan
  5823 | D:7      | Noticed Duvessa
  5833 | D:7      | Killed Dowan
  5883 | D:7      | Reached skill level 1 in Evocations
  6132 | D:7      | Found a sparkling altar of Nemelex Xobeh.
  6293 | D:7      | Killed Duvessa
  6500 | D:8      | Reached ** piety under Dithmenos
  6532 | D:8      | Reached XP level 10. HP: 49/49 MP: 11/11
  6645 | D:8      | Noticed Maurice
  6735 | D:8      | Maurice stole 165 gold
  6739 | D:8      | Killed Maurice
  6958 | D:8      | Noticed a moth of wrath
  6962 | D:8      | Found a bloodstained altar of Trog.
  7318 | D:8      | Found a staircase to the Lair.
  7535 | D:9      | Noticed Harold
  7603 | D:8      | Killed Harold
  7604 | D:8      | Reached skill level 5 in Evocations
  7680 | D:9      | Found a flagged portal.
  7693 | D:9      | Reached *** piety under Dithmenos
  7716 | Bailey   | Entered a bailey
  7900 | Bailey   | Noticed a gargoyle
  7962 | Bailey   | Killed a gargoyle
  8087 | Bailey   | Reached **** piety under Dithmenos
  8095 | Bailey   | Identified the +1 leather armour "Utaentuw" {rElec Int-3
                  | Slay+2 Stlth+}
  8096 | Bailey   | Identified the +4 hand axe of Edwacekh {holy, rC+ Str+3
                  | SInv}
  8099 | Bailey   | Identified the +3 kite shield of Unambiguity {Int+2}
  8231 | D:9      | Noticed a purple ugly thing
  8276 | D:9      | Killed a purple ugly thing
  8277 | D:9      | Reached skill level 10 in Dodging
  8425 | D:9      | Reached XP level 11. HP: 52/52 MP: 12/12
  8640 | D:9      | Noticed a deep elf pyromancer
  8650 | D:9      | Killed a deep elf pyromancer
  8651 | D:9      | Reached skill level 15 in Ranged Weapons
  8853 | D:10     | Entered Level 10 of the Dungeon
  8892 | D:10     | Noticed a two-headed ogre
  8898 | D:10     | Killed a two-headed ogre
  9092 | D:10     | Found a blossoming altar of Fedhas.
  9254 | D:10     | Reached skill level 1 in Invocations
  9424 | D:11     | Noticed a two-headed ogre
  9436 | D:11     | Killed a two-headed ogre
  9547 | D:11     | Found a runed translucent gate.
  9547 | D:11     | Found a runed translucent gate.
  9547 | D:11     | Found a runed translucent gate.
  9561 | D:11     | Noticed a tengu warrior
  9561 | D:11     | Noticed a minotaur
  9561 | D:11     | Noticed Drangen's ghost (journeyman GrEE)
  9676 | D:11     | Reached ***** piety under Dithmenos
  9687 | D:11     | Found a frozen archway.
  9717 | IceCv    | Entered an ice cave
  9806 | IceCv    | Noticed a death yak
  9864 | IceCv    | Killed a death yak
  9865 | IceCv    | Reached XP level 12. HP: 53/59 MP: 15/15
  9954 | IceCv    | Reached skill level 5 in Fighting
 10036 | IceCv    | Reached skill level 10 in Stealth
 10207 | IceCv    | Noticed a death yak
 10208 | IceCv    | Noticed a death yak
 10209 | IceCv    | Noticed a death yak
 10225 | IceCv    | Killed a death yak
 10248 | IceCv    | Killed a death yak
 10280 | IceCv    | Killed a death yak
 10302 | IceCv    | Noticed a death yak
 10302 | IceCv    | Noticed a death yak
 10302 | IceCv    | Noticed a frost giant
 10302 | IceCv    | Noticed a death yak
 10302 | IceCv    | Noticed a death yak
 10455 | IceCv    | Killed a frost giant
 10501 | IceCv    | Killed a death yak
 10554 | IceCv    | Killed a death yak
 10566 | IceCv    | Killed a death yak
 10582 | IceCv    | Killed a death yak
 10711 | IceCv    | Identified the ring of Buygeule {rElec Will+ Str+6 Int+4
                  | SInv}
 10781 | IceCv    | Reached skill level 15 in Dodging
 11380 | Lair:1   | Entered Level 1 of the Lair of Beasts
 11583 | Lair:1   | Noticed Urug
 11663 | Lair:1   | Killed Urug
 11685 | Lair:1   | Noticed Maggie
 11693 | Lair:1   | Killed Maggie
 11719 | Lair:1   | Reached XP level 13. HP: 63/63 MP: 16/16
 12020 | Lair:1   | You are sucked into a shaft and drop 1 floor!
 12670 | Lair:2   | Reached ****** piety under Dithmenos
 13339 | Lair:2   | Found a hole to the Spider Nest.
 13500 | Lair:2   | Found a staircase to the Swamp.
 14526 | Lair:3   | Reached skill level 10 in Fighting
 14976 | Lair:2   | Found a staircase to the Swamp.
 15005 | Lair:2   | Found a hole to the Spider Nest.
 15013 | Lair:2   | Reached XP level 14. HP: 77/77 MP: 17/17
 16685 | Lair:4   | Found a shadowy altar of Dithmenos.
 17294 | Lair:4   | Found a viscous altar of Jiyva.
 17296 | Lair:4   | Found a staircase to the Slime Pits.
 17543 | Lair:5   | Entered Level 5 of the Lair of Beasts
 17617 | Lair:5   | Noticed Nessos
 17786 | Lair:5   | Killed Nessos
 18542 | Lair:5   | Reached XP level 15. HP: 81/81 MP: 18/18
 18803 | Lair:5   | Found a burning altar of Makhleb.
 19000 | Lair:5   | Found a gateway to Hell.
 19402 | D:12     | Got the Papyrus of Kindled Corpses
 19515 | D:12     | Found a staircase to the Orcish Mines.
 20097 | D:12     | Noticed Azrael
 20440 | D:12     | You are sucked into a shaft and drop 1 floor!
 20681 | D:13     | Noticed Jorgrun
 20698 | D:13     | Killed Jorgrun
 20757 | D:13     | Noticed Sonja
 21108 | D:13     | Sonja changed into Sonja the naga
 21108 | D:13     | Noticed Sonja
 21110 | D:13     | Killed Sonja the naga
 21423 | Orc:1    | Entered Level 1 of the Orcish Mines
 21482 | Orc:1    | Noticed Fannar
 21511 | Orc:1    | Killed Fannar
 21712 | Orc:2    | Entered Level 2 of the Orcish Mines
 21945 | Orc:1    | You are sucked into a shaft and drop 1 floor!
 22011 | Orc:2    | Found Vaghuz's Distillery.
 22018 | Orc:2    | Bought a potion of heal wounds for 55 gold pieces
 22018 | Orc:2    | Bought a potion of curing for 33 gold pieces
 22018 | Orc:2    | Bought a potion of curing for 33 gold pieces
 22291 | Orc:2    | Found a staircase to the Elven Halls.
 22586 | Orc:2    | Found Dogul's General Store.
 22586 | Orc:2    | Found Celeoci's Book Shoppe.
 22588 | Orc:2    | Found Rorghi's Antique Armour Emporium.
 22588 | Orc:2    | Found Laim Zys's Antique Weapon Emporium.
 22703 | Orc:2    | Found a runed translucent gate.
 22703 | Orc:2    | Found a runed translucent gate.
 22703 | Orc:2    | Found a runed translucent gate.
 22705 | Orc:2    | Found an opulent altar of Gozag.
 22708 | Orc:2    | Found Qinaos's Assorted Antiques.
 22708 | Orc:2    | Noticed Luihuable's ghost (journeyman TrSh)
 22786 | Orc:2    | Found Zaimolli's Book Shop.
 22916 | Orc:1    | Noticed Josephine
 23047 | Orc:2    | Killed Josephine
 23494 | Orc:2    | Killed Luihuable's ghost
 23574 | Orc:2    | Bought a scroll of identify for 54 gold pieces
 23574 | Orc:2    | Bought a metallic inky potion for 24 gold pieces
 23574 | Orc:2    | Bought a bubbling silvery potion for 24 gold pieces
 23574 | Orc:2    | Bought a scroll of identify for 54 gold pieces
 23767 | D:14     | Found a radiant altar of Vehumet.
 24398 | D:14     | Found a gate to the Vaults.
 24529 | D:15     | Entered Level 15 of the Dungeon
 24537 | D:15     | Reached XP level 16. HP: 88/88 MP: 19/19
 24858 | D:15     | Identified the +0 quarterstaff of Reapportionment {drain,
                  | *Noise rElec rC+ Str+6}
 25300 | D:15     | Found a staircase to the Depths.
 25408 | D:12     | Killed Azrael
 25533 | Swamp:1  | Entered Level 1 of the Swamp
 25614 | Swamp:1  | Found a runed translucent door.
 27355 | Swamp:2  | Reached skill level 15 in Stealth
 27402 | Swamp:3  | Paralysed by a hornet for 2 turns
 28113 | Swamp:3  | Noticed a thorn hunter
 28128 | Swamp:3  | Killed a thorn hunter
 28328 | Swamp:4  | Entered Level 4 of the Swamp
 28334 | Swamp:4  | Reached XP level 17. HP: 93/93 MP: 20/20
 28417 | Swamp:4  | Found the +3 pair of gauntlets of War {Slay+5}
 28540 | Swamp:4  | HP: 1/93 [spriggan air mage/the air (32)]
 29896 | Swamp:4  | Got a decaying rune of Zot
 30072 | Spider:1 | Entered Level 1 of the Spider Nest
 30369 | Spider:1 | Noticed Kirke
 30413 | Spider:1 | Killed Kirke
 31512 | Spider:2 | Identified the ring of Ru's Esteem {Will+ Slay+3}
 31638 | Spider:2 | Reached skill level 27 in Dodging
 31889 | Spider:3 | Reached XP level 18. HP: 93/94 MP: 21/21
 32522 | Spider:3 | Identified the ring "Dosus" {rC+ MP+9 Str+3}
 32699 | Spider:3 | Noticed Nikola
 32717 | Spider:3 | Killed Nikola
 32849 | Spider:4 | Entered Level 4 of the Spider Nest
 32867 | Spider:3 | Reached skill level 5 in Invocations
 33271 | Spider:4 | Reached skill level 10 in Evocations
 34050 | Spider:4 | Identified the +1 robe of Kuxtif {-Cast Rampage rElec
                  | Will++}
 34059 | Spider:4 | Identified the -2 robe of Integrity {Rampage Dex+4}
 34636 | Spider:4 | Identified the +1 pair of boots "Bienodul" {Harm Rampage
                  | rElec}
 34643 | Spider:4 | Got a gossamer rune of Zot
 34960 | Vaults:1 | Entered Level 1 of the Vaults
 35141 | Vaults:1 | Found a transporter.
 35141 | Vaults:1 | Found a transporter.
 35141 | Vaults:1 | Noticed DeathSun's ghost (adept MiFi)
 35452 | Vaults:1 | Reached XP level 19. HP: 99/105 MP: 26/26
 36338 | Vaults:1 | Found Keoll's General Store.
 36344 | Vaults:1 | Bought a scroll of enchant weapon for 105 gold pieces
 36745 | Vaults:2 | Identified the serpent talisman of Vuosy {rElec rF++ Str-5}
 36745 | Vaults:2 | Noticed Aizul
 36777 | Vaults:1 | Killed Aizul
 36902 | Vaults:1 | Reached skill level 15 in Fighting
 37045 | Vaults:2 | Noticed Mara
 37056 | Vaults:2 | Noticed Kenran's illusion
 37060 | Vaults:2 | Killed Mara
 37503 | Vaults:2 | Found a staircase to the Crypt.
 37934 | Vaults:2 | Found Ruram's Weapon Boutique.
 38060 | Vaults:2 | Found Xoanuf's Armour Emporium.
 38408 | Vaults:2 | Identified the ring of Daothutt {rN+ Dex+3 SInv}
 38445 | Vaults:2 | Reached XP level 20. HP: 113/113 MP: 27/27
 38729 | Vaults:3 | Noticed Sojobo
 39059 | Vaults:3 | Identified the +2 ring mail of the Lair of Beasts {Rampage
                  | rC+}
 40024 | Vaults:3 | Paralysed by an air elemental for 1 turns
 41402 | Vaults:4 | Identified 3 scrolls of acquirement
 41414 | Vaults:4 | Acquired 1203 gold pieces
 41417 | Vaults:4 | Acquired a +5 arbalest of draining
 41422 | Vaults:4 | Acquired 638 gold pieces
 41633 | Depths:1 | Entered Level 1 of the Depths
 41639 | Depths:1 | You fall into a shaft and drop 1 floor!
 41886 | Depths:1 | Found a glowing silver altar of Zin.
 42076 | Depths:1 | Gained mutation: You have a pair of small horns on your
                  | head. [a neqoxec]
 42106 | Depths:1 | Reached XP level 21. HP: 116/119 MP: 22/28
 42361 | Depths:1 | Found a runed translucent door.
 42361 | Depths:1 | Found a shimmering altar of Xom.
 42361 | Depths:1 | Noticed Xieb Yco's ghost (veteran DjFE)
 42401 | Depths:1 | Found a one-way gateway to a ziggurat.
 43109 | Depths:2 | Noticed Norris
 43240 | Depths:2 | Found a one-way gate leading to the halls of Pandemonium.
 43365 | Depths:2 | Killed Norris
 43546 | Depths:2 | Noticed an ancient lich
 43583 | Depths:2 | Killed an ancient lich
 43946 | Depths:2 | Reached skill level 10 in Invocations
 43969 | Depths:2 | Identified the amulet "Hapsan" {Reflect rN+ Str+3 SH+5
                  | SInv}
 44018 | Depths:2 | Identified the +0 robe "Tateyth" {Str-5 Dex+3}
 44077 | Depths:2 | Found the +10 dark maul {heavy}
 44088 | Depths:2 | Identified the staff of the Charming King {rElec Earth}
 44221 | Depths:2 | Found Ajatek's Book Emporium.
 44828 | Depths:3 | Noticed a golden dragon
 44997 | Depths:1 | Killed a golden dragon
 45411 | Depths:3 | Found a transporter.
 45564 | Depths:3 | Noticed a juggernaut
 45844 | Depths:3 | Reached skill level 27 in Stealth
 46076 | Depths:3 | Found an iron altar of Okawaru.
 46169 | Depths:3 | Found an ornate altar of the Wu Jian Council.
 46190 | Depths:3 | Found a one-way gate to the infinite horrors of the Abyss.
 46488 | Depths:4 | Entered Level 4 of the Depths
 47051 | Depths:4 | Learned a level 1 spell: Apportation
 47056 | Depths:4 | Learned a level 4 spell: Dimensional Bullseye
 47073 | Depths:4 | Reached XP level 22. HP: 125/125 MP: 31/31
 47134 | Depths:4 | Reached skill level 1 in Hexes
 47182 | Depths:4 | Reached skill level 1 in Translocations
 47217 | Depths:4 | Reached skill level 1 in Spellcasting
 47283 | Depths:4 | Noticed a juggernaut
 47304 | Depths:4 | Killed a juggernaut
 47468 | Depths:4 | Reached skill level 15 in Evocations
 47904 | Depths:4 | Found a gate to the Realm of Zot.
 48212 | Elf:1    | Entered Level 1 of the Elven Halls
 48319 | Elf:1    | You fall into a shaft and drop 1 floor!
 48321 | Elf:2    | Found a runed translucent gate.
 48321 | Elf:2    | Found a runed translucent gate.
 48323 | Elf:2    | Found a runed translucent gate.
 48449 | Elf:3    | Entered Level 3 of the Elven Halls
 48545 | Elf:3    | Reached skill level 5 in Hexes
 48601 | Elf:3    | Reached skill level 5 in Translocations
 49519 | Elf:3    | Identified the +5 ring mail of Past Mistakes {Will+ Int+2}
 49522 | Elf:3    | Identified the +1 great mace of No Interval {elec, +Blink
                  | rCorr}
 49760 | Elf:3    | Identified the +3 leather armour of Ownif {rPois Slay+5
                  | Stlth+}
 49866 | Elf:3    | Identified the +9 short sword "Satoetor" {flame, rC++ MP+9
                  | Str-5 Int+6}
 50082 | Elf:3    | Identified the +0 ring mail of Sawkacs {Regen+ Str-4 Dex+4}
 50207 | Elf:3    | Identified the +3 dire flail of Sirujexi {flame, Dex+2}
 50325 | Elf:3    | Identified the staff "Kaeqoti" {rPois rN+ Will- rCorr Conj}
 50338 | Elf:3    | Got a shimmering gem with 177 turns to spare
 50350 | Elf:3    | Got the Omnibus of the Poisonous Volley
 50357 | Elf:3    | Identified the staff "Mutt" {rCorr Stlth+ Conj}
 50460 | Elf:3    | Identified the +2 dagger of Gozag's Generosity {speed, rN+
                  | Will+ Str+4}
 51014 | Elf:1    | Noticed Louise
 51021 | Elf:1    | Killed Louise
 51124 | Elf:1    | Found an ancient bone altar of Kikubaaqudgha.
 51582 | Crypt:1  | Entered Level 1 of the Crypt
 51766 | Vaults:2 | Reached skill level 10 in Translocations
 51804 | Crypt:1  | Noticed Mennas
 51883 | Vaults:2 | Reached XP level 23. HP: 129/129 MP: 33/33
 52040 | Depths:3 | Voluntarily entered the Abyss.
 52099 | Abyss:1  | Found a corrupted altar of Lugonu.
 52160 | Abyss:1  | Found a corrupted altar of Lugonu.
 52199 | Abyss:1  | Found a corrupted altar of Lugonu.
 52348 | Abyss:1  | Found a corrupted altar of Lugonu.
 52412 | Abyss:1  | Found a corrupted altar of Lugonu.
 52419 | Abyss:1  | Found a corrupted altar of Lugonu.
 52419 | Abyss:1  | Found a corrupted altar of Lugonu.
 52512 | Abyss:1  | Found a corrupted altar of Lugonu.
 52522 | Abyss:1  | Paralysed by an air elemental for 1 turns
 52639 | Abyss:1  | Found a corrupted altar of Lugonu.
 52645 | Abyss:1  | Found a corrupted altar of Lugonu.
 52645 | Abyss:1  | Found a corrupted altar of Lugonu.
 52908 | Abyss:2  | Found a corrupted altar of Lugonu.
 52926 | Abyss:2  | Found a corrupted altar of Lugonu.
 53115 | Abyss:2  | Found a corrupted altar of Lugonu.
 53381 | Abyss:3  | Paralysed by you for 1 turns
 53495 | Abyss:3  | Reached skill level 5 in Spellcasting
 53582 | Abyss:3  | Gained mutation: You are very clumsy. (Dex -4) [a neqoxec]
 53678 | Depths:3 | Escaped the Abyss
 53769 | Depths:3 | Voluntarily entered the Abyss.
 53821 | Abyss:3  | Noticed a dread lich
 53829 | Abyss:3  | Killed a dread lich
 53891 | Abyss:3  | Found a corrupted altar of Lugonu.
 53896 | Abyss:3  | Found a corrupted altar of Lugonu.
 53978 | Abyss:3  | Found a corrupted altar of Lugonu.
 54257 | Depths:3 | Escaped the Abyss
 54394 | Depths:3 | Voluntarily entered the Abyss.
 54663 | Abyss:3  | Got an abyssal rune of Zot
 54875 | Depths:3 | Escaped the Abyss
 55034 | Zot:1    | Entered Level 1 of the Realm of Zot
 55349 | Depths:4 | Found a gate to the Realm of Zot.
 55923 | Zot:3    | Noticed an orb of fire
 55923 | Zot:3    | You fall into a shaft and drop 1 floor!
 55964 | Zot:3    | Killed an orb of fire
 56305 | Zot:3    | Reached XP level 24. HP: 130/138 MP: 33/33
 56680 | Zot:5    | Entered Level 5 of the Realm of Zot
 56701 | Zot:5    | Found a runed translucent gate.
 56701 | Zot:5    | Found a runed translucent gate.
 56701 | Zot:5    | Noticed Adaxemni's ghost (legendary GrFi)
 56702 | Zot:5    | Found a runed translucent gate.
 56969 | Zot:5    | Noticed a Killer Klown
 56969 | Zot:5    | Noticed an orb of fire
 56969 | Zot:5    | Noticed a Killer Klown
 57462 | Zot:5    | Killed a Killer Klown
 57531 | Zot:5    | Noticed an ancient lich
 57586 | Zot:5    | Killed an ancient lich
 57808 | Zot:5    | Reached skill level 15 in Invocations
 57838 | Zot:5    | Noticed a Killer Klown
 57838 | Zot:5    | Noticed a Killer Klown
 57838 | Zot:5    | Noticed a Killer Klown
 57839 | Zot:5    | Identified the +3 ring mail of Muttered Phrases {rElec
                  | SInv}
 57846 | Zot:5    | Noticed a Killer Klown
 57940 | Zot:5    | Killed a Killer Klown
 58018 | Zot:5    | Killed a Killer Klown
 58022 | Zot:5    | Found a viscous altar of Jiyva.
 58037 | Zot:5    | Noticed an orb of fire
 58175 | Zot:5    | Noticed an ancient lich
 58192 | Zot:5    | Killed an ancient lich
 58206 | Zot:5    | Noticed a Killer Klown
 58372 | Zot:5    | Killed a Killer Klown
 58385 | Zot:5    | Killed a Killer Klown
 59105 | Zot:5    | Gained mutation: You have hidden genetic defects. [an orb
                  | of fire]
 59110 | Zot:5    | Gained mutation: You are dopey. (Int -2) [an orb of fire]
 59111 | Zot:5    | Killed an orb of fire
 59115 | Zot:5    | Lost mutation: You have hidden genetic defects. [potion of
                  | mutation]
 59115 | Zot:5    | Lost mutation: You are clumsy. (Dex -2) [potion of
                  | mutation]
 59115 | Zot:5    | Gained mutation: You are clumsy. (Dex -2) [potion of
                  | mutation]
 59115 | Zot:5    | Gained mutation: You passively dampen the noise of your
                  | surroundings. [potion of mutation]
 59137 | Zot:5    | Noticed a Killer Klown
 59157 | Zot:5    | Killed a Killer Klown
 59164 | Zot:5    | Killed a Killer Klown
 59479 | Zot:5    | Killed a Killer Klown
 59639 | Zot:5    | Gained mutation: You are covered in fur. (AC +1) [an orb of
                  | fire]
 59643 | Zot:5    | Gained mutation: Your body sometimes deteriorates upon
                  | taking damage. [an orb of fire]
 59651 | Zot:5    | Gained mutation: You occasionally lose the ability to drink
                  | potions when taking damage. [an orb of fire]
 59654 | Zot:5    | Killed an orb of fire
 59810 | Zot:5    | Got the Orb of Zot
 59976 | Depths:4 | Noticed Udghuss the pandemonium lord
 59982 | Depths:4 | Killed from afar by Udghuss the pandemonium lord

Illustrated notes

Levels and vault maps discovered:
D:1:      dpeg_arrival_circle_labyrinth_b, layout_basic, minmay_rat_gold_closets
D:2:      layout_loops_ring
D:3:      minmay_door_path, layout_basic, nicolae_ru_the_path_less_chosen,
          nicolae_overflow_ecumenical_swirl, lemuel_crystal_altar
D:4:      layout_basic, grunt_temple_overflow_open, minivault_25
D:5:      layout_loops_ring, kennysheep_cluttered_room
D:6:      kennysheep_housing_project, layout_rooms,
          nicolae_dithmenos_shadow_blocks, minmay_temple_entry_gardened_gates,
          serial_shops, nicolae_lakefront_shop, serial_bayou,
          serial_bayou_lagoon_a, serial_bayou_pond_b, serial_bayou_pond_c,
          serial_bayou_shore_a
D:7:      layout_rooms, nemelex_dance_club_becter, uniq_duvessa
D:8:      layout_basic, tgw_trog, grunt_lair_entry_orc_guard_hut, minivault_10,
          minmay_misc_feat_rows, minmay_stone_trees_large,
          nicolae_figureground_pulse, uniq_maurice
D:9:      nzn_winding_woodlands_small [nzn_winding_woodlands_5x15_pockets,
          nzn_winding_woodlands_center_triple_pond,
          nzn_winding_woodlands_5x15_default], layout_cave_pools,
          enter_bailey_6, uniq_harold
D:10:     layout_gridville, fedhas_altar_2, serial_glass, glass_columns_a,
          glass_columns_b
D:11:     layout_grid_maze, portal_ice_cave_entry_imps,
          maelrawn_ghost_gauntlet_escape
D:12:     layout_grid_maze, david_orc_2, lemuel_nasty_fountain, uniq_azrael
D:13:     layout_loops_ring, uniq_jorgrun, uniq_sonja
D:14:     layout_basic, hellmonk_vaults_keyhole, vehumet_crystals
D:15:     grunt_enter_depths_snipers, layout_loops_cross, serial_ice,
          serial_ice_b, serial_ice_g, serial_ice_l, serial_ice_e,
          nicolae_houndstooth_variations
Lair:1:   layout_cave_pods, uniq_urug, uniq_maggie
Lair:2:   layout_layer_cave, minmay_swamp_entry_worms, spider_nest_entry_webs
Lair:3:   layout_cave_pods, special_room [special_room_bee]
Lair:4:   layout_regular_city, slime_entry_1, basic_altar,
          minmay_shattered_shrine
Lair:5:   evil_forest, layout_gridlike, minivault_25, minmay_stone_trees_small,
          nicolae_lair_grove_arrangements, infiniplex_staircase_pool_2,
          uniq_nessos
Swamp:1:  gammafunk_mikee_crab_dinner, layout_basic_swamp, serial_swamp_ruin,
          evilmike_swamp_ruin_house_3, evilmike_swamp_ruin_house_2,
          swamp_pool_5, nicolae_swamp_super_fun_site
Swamp:2:  layout_falls_marsh, nicolae_swamp_orc_logging_accident,
          hangedman_swamp_phenomena
Swamp:3:  layout_basic_swamp, nicolae_swamp_ascending_descending_big
Swamp:4:  swamp_alternative, layout_basic_swamp
Spider:1: layout_spider_delve, uniq_kirke
Spider:2: nicolae_spider_obnoxious_hallway
Spider:3: layout_spider_delve, special_room, nicolae_spider_nooks_and_crannies,
          uniq_nikola
Spider:4: floodkiller_spider_rune_tomb, hellmonk_motheaten_closet
Orc:1:    layout_caves, uniq_josephine, uniq_fannar
Orc:2:    st_orc_congregation, layout_diamond_mine, ebering_ghost_gozag,
          serial_shops, shop, nicolae_book_shop_shelving
Elf:1:    elf_arrival_001, layout_geoelf_octagon, basic_altar,
          nicolae_elf_blasts_and_bolts, minivault_24, uniq_louise
Elf:2:    nicolae_elf_blades_splatter_lattice
          [nicolae_blade_entry_area_security], layout_gridlike, st_stairs_2,
          dreamdust_princess_corridor
Elf:3:    minmay_elf_hall_statues, layout_geoelf_grid, minivault_27,
          elf_orc_summit_meeting
Vaults:1: gammafunk_ghost_smash, nicolae_vaults_network_periphery,
          hangedman_surveillance_ring, nicolae_vaults_puzzle_piece,
          vaults_room_door_ring, nicolae_vaults_theta,
          nicolae_vaults_lightning_bolt, vaults_room_grid,
          nicolae_vaults_house_1, vaults_mumra_hexcomb,
          nicolae_vaults_wine_cellar, nicolae_vaults_yaktaur_gun_rack,
          vaults_room_grid, ontoclasm_vaults_decontamination,
          layout_vaults_big_cross, serial_shops, shop
Vaults:2: nicolae_vaults_storage_room_doors, minmay_crypt_entry_simple_round,
          nicolae_vaults_windows_and_doors_thing, dpeg_vaults_monster_row,
          ontoclasm_vaults_pinch, v_rooms_3, nicolae_vaults_security_offices_2,
          vaults_dpeg_encased_lava, vaults_room_ringed_pool,
          hangedman_vaults_river_flow, nicolae_vaults_taking_the_gang_shopping,
          nicolae_vaults_door_testing_chamber, nicolae_vaults_trapezoid_3,
          v_misc_23, nicolae_vaults_hexular_roomagon, nicolae_vaults_little_ls,
          layout_vaults_maze_bifur, serial_shops, shop, uniq_aizul, uniq_mara
Vaults:3: nicolae_vaults_crenellated_ambush, hangedman_vaults_restitches,
          nicolae_vaults_doubleplus_tesselated,
          serial_library_hellmonk_reading_circle, nicolae_vaults_network_s,
          v_alt_pattern_3, nicolae_vaults_swerve,
          nicolae_vaults_mini_display_case, nicolae_vaults_two_Ls,
          nicolae_vaults_circle_grid_b, nicolae_vaults_asterisk,
          layout_vaults_omnibox, uniq_sojobo
Vaults:4: nicolae_vaults_tetromino_T_1, nicolae_vaults_oval_intersection,
          hangedman_vaults_unwind, v_pattern_2, nicolae_vaults_diamond_1,
          ontoclasm_vaults_eye, nicolae_vaults_tetromino_L_1,
          nicolae_vaults_closet_pinwheel_1, v_misc_31,
          nicolae_vaults_trapezoid_lopsided_3, vaults_room_fours,
          layout_vaults_big_room
Crypt:1:  layout_misc_corridors, grunt_megastairs_2, uniq_mennas
Depths:1: layout_cave_pools, enter_ziggurat_a, grunt_hell_entry_demonic_statue,
          ebering_ghost_xom, lemuel_angel_altar
Depths:2: minmay_the_grid_4x2 [minmay_the_grid_odd_star, minmay_the_grid_spikes,
          minmay_the_grid_holed_spiral, minmay_the_grid_tri_star,
          minmay_the_grid_outer_diamond, minmay_the_grid_airy,
          minmay_the_grid_small_cups, minmay_the_grid_prize_diamond_cup],
          layout_honeycomb, serial_shops, shop, grunt_hell_entry_dis_old,
          rand_demon_pan_entry_1, uniq_norris
Depths:3: emtedronai_trogs_sanctum, layout_long_grid, abyss_entry,
          grunt_pan_entry_in_and_out, pdpol_wu_jian_five_deadly_venoms,
          pf_hell_entry_tar_spiral, hellmonk_okawaru_the_only_friend_you_need,
          minmay_staircase_bubble
Depths:4: evilmike_zot_entry_hall, layout_gridlike, hell_entry,
          kennysheep_random_hallway, serial_bayou_shore_b
Zot:1:    layout_basic
Zot:2:    layout_twisted_circle
Zot:3:    layout_concentric_octagons, gammafunk_ghost_grave, st_stairs_3,
          hellmonk_greenhouse_of_terror
Zot:4:    layout_misc_corridors
Zot:5:    layout_gridlike, gammafunk_ghost_ooze, grunt_megastairs_4

Skill      XL: |  1  2  3  4  5  6  7  8  9 10 11 12 13 14 15 16 17 18 19 20 21 22 23 24 |
---------------+-------------------------------------------------------------------------+-----
Ranged Weapons | 5 6 7 8 10 11 12 14 16 17 18 | 18.0
Dodging        | 3 6 7 10 16 17 20 21 23 27 | 27.0
Stealth        | 2 5 8 10 15 20 25 27 | 27.0
Fighting       | 3 4 5 10 12 13 15 16 18 | 18.5
Evocations     | 3 5 7 8 12 14 18 20 | 20.4
Invocations    | 3 8 11 12 18 | 18.2
Hexes          | 5 7 |  7.0
Translocations | 10 | 10.0
Spellcasting   | 3 6 |  6.0

Action                     |  1- 3 |  4- 6 |  7- 9 | 10-12 | 13-15 | 16-18 | 19-21 | 22-24 || total
---------------------------+-------+-------+-------+-------+-------+-------+-------+-------++-------
   Fire: Shortbow          |   104 |   165 |    74 |       |       |       |       |       ||   343
         Orcbow            |       |       |   300 |  1000 |  1800 |       |       |       ||  3100
         Arbalest          |       |       |       |       |   106 |  1531 |  1921 |  2112 ||  5670
 Invoke: Shadow Form       |       |       |       |       |       |       |       |     2 ||     2
  Evoke: Wand              |       |       |       |     3 |    12 |     5 |     6 |    25 ||    51
         Box of beasts     |       |       |       |       |       |     1 |     2 |     3 ||     6
         Phantom mirror    |       |       |       |       |       |       |     2 |     1 ||     3
    Use: Scroll            |     3 |     3 |     3 |     4 |    18 |    23 |    16 |    17 ||    87
         Potion            |       |       |     1 |       |       |     8 |    18 |    21 ||    48
 Armour: Robe              |    12 |    28 |    34 |    21 |       |   173 |   241 |   309 ||   818
         Troll leather arm |       |       |       |    57 |   177 |    15 |       |       ||   249
         Skin              |       |       |       |       |       |    19 |    92 |       ||   111
  Dodge: Dodged            |    36 |    84 |   148 |   341 |   957 |  1051 |  1027 |  1427 ||  5071
         Repelled          |       |       |     8 |       |       |       |       |       ||     8

Table legend: (Time is in decaauts)
 A = Elapsed time spent in this place.
 B = Non-inter-level travel time spent in this place.
 C = Inter-level travel time spent in this place.
 D = Time resting spent in this place.
 E = Time spent auto-exploring this place.
 F = Levels seen in this place.
 G = Mean time per level.
                   A        B        C        D        E       F      G
               +--------+--------+--------+--------+--------+-----+--------+
         Total |  43701 |  40870 |   2831 |   9228 |  16232 |  54 |  809.3 |
       Dungeon |   9769 |   8902 |    867 |   1038 |   5409 |  15 |  651.3 |
          Lair |   5117 |   4797 |    320 |    257 |   2950 |   5 | 1023.4 |
         Swamp |   3420 |   3162 |    258 |    943 |   1127 |   4 |  855.0 |
   Spider Nest |   3894 |   3715 |    179 |   1564 |    859 |   4 |  973.5 |
  Orcish Mines |   1639 |   1348 |    291 |    154 |    649 |   2 |  819.5 |
   Elven Halls |   2347 |   2283 |     64 |    637 |    660 |   3 |  782.3 |
        Vaults |   5006 |   4607 |    399 |    923 |   1895 |   4 | 1251.5 |
         Crypt |    157 |    157 |      0 |      0 |     20 |   1 |  157.0 |
        Depths |   5454 |   5095 |    359 |   1574 |   1571 |   4 | 1363.5 |
           Zot |   3657 |   3568 |     89 |   1339 |    288 |   5 |  731.4 |
         Abyss |   2066 |   2066 |      0 |    585 |    499 |   5 |  413.2 |
        Bailey |    303 |    303 |      0 |     26 |     69 |   1 |  303.0 |
      Ice Cave |    866 |    866 |      0 |    183 |    230 |   1 |  866.0 |
               +--------+--------+--------+--------+--------+-----+--------+

Top non-repeatable levels by time:
   Zot:5: 2329 daAuts
Depths:2: 1770 daAuts
  Lair:2: 1660 daAuts
   Elf:3: 1598 daAuts
Vaults:1: 1510 daAuts
Vaults:2: 1395 daAuts
Depths:4: 1305 daAuts
Vaults:3: 1304 daAuts
Spider:4: 1292 daAuts
 Abyss:3: 1250 daAuts
   Orc:2: 1232 daAuts
Depths:1: 1207 daAuts
Depths:3: 1171 daAuts
     D:6: 1151 daAuts
 Swamp:2: 1122 daAuts
